 Dungeon Crawl Stone Soup version 0.32-a0-131-g9dbbe29261 (webtiles) character file.

Game seed: 14916825700385398902

273 grandjackal the Slasher (level 6, -3/49 HPs)
             Began as a Demonspawn Gladiator on Feb 8, 2024.
             Succumbed to a water moccasin's poison
             ... on level 4 of the Dungeon.
             The game lasted 00:04:01 (3143 turns).

grandjackal the Slasher (Demonspawn Gladiator)      Turns: 3143, Time: 00:04:02

Health: -3/49      AC:  9    Str: 14    XL:     6   Next: 3%
Magic:  6/6        EV: 12    Int:  9    God:
Gold:   270        SH:  4    Dex: 16    Spells: 5/5 levels left

rFire   . . .        a - +0 long sword
rCold   . . .        (no shield)
rNeg    . . .        b - +0 leather armour
rPois   .            c - +0 helmet
rElec   .            (no cloak)
rCorr   .            p - +0 pair of gloves
SInv    .            (no boots)
Will    +....        u - amulet of the acrobat
Stlth   +            k - ring of protection from cold
HPRegen 0.28/turn    r - ring of willpower
MPRegen 0.10/turn

%: acrobat
@: lethally poisoned (-3 -> -24)
A: icemail 1, powered by pain 1, condensation shield, mutation resistance 1,
cold vulnerability 1
a: no special abilities


You were on level 4 of the Dungeon.
You visited 1 branch of the dungeon, and saw 5 of its levels.

You collected 270 gold pieces.

Inventory:

Hand Weapons
 a - a +0 long sword (weapon)
Missiles
 d - 3 throwing nets (quivered)
 e - a javelin
 o - 6 poisoned darts
Armour
 b - a +0 leather armour (worn)
 c - a +0 helmet (worn)
 p - a +0 pair of gloves (worn)
Jewellery
 k - a ring of protection from cold (left hand)
 r - a ring of willpower (right hand)
 u - an amulet of the acrobat (around neck)
Scrolls
 f - 6 scrolls of enchant armour {unknown}
 g - a scroll of acquirement {unknown}
 h - 3 scrolls of fear {unknown}
 i - 2 scrolls of revelation {unknown}
 j - a scroll of enchant weapon {unknown}
 m - 3 scrolls of teleportation {unknown}
 n - 4 scrolls of identify {unknown}
 w - a scroll of blinking {unknown}
Potions
 l - a potion of mutation
 q - 2 potions of haste {unknown}
 s - a potion of berserk rage {unknown}
 t - a potion of degeneration {unknown}
 v - 2 potions of heal wounds {unknown}


   Skills:
 + Level 4.5 Fighting
 + Level 4.5 Long Blades
 - Level 2.0 Throwing
 - Level 3.0 Dodging


You had 5 spell levels left.
You didn't know any spells.
Your spell library contained the following spells:

 Spells                   Type           Power      Damage    Failure   Level
 Cigotuvi's Dreadful Rot  Necr/Alch/Air  0%         N/A       61%         2
 Fugue of the Fallen      Necr           0%         N/A       83%         3
 Ozocubu's Armour         Ice            0%         N/A       83%         3
 Ignite Poison            Fire/Alch      0%         N/A       99%         4
 Manifold Assault         Tloc           0%         N/A       99%         4
 Freezing Cloud           Conj/Ice/Air   0%         6-21      100%        5


Dungeon Overview and Level Annotations

Branches:
Dungeon (5/15)
 Temple: D:4-7

Altars:
Hepliaklqana
Uskayaw

Shops:
D:5 ?


Innate Abilities, Weirdness & Mutations

A meltable icy envelope protects you from harm. (AC +4)
You sometimes gain a little power by taking damage.
A meltable shield of frost defends you. (SH +4)
You are somewhat resistant to further mutation.
You are vulnerable to cold. (rC-)


Message History

You block the ufetubus's attack.
The water moccasin bites you but does no damage.
You closely miss the water moccasin.
The water moccasin is heavily wounded.
The ufetubus barely misses you. You block the ufetubus's attack.
The water moccasin bites you. The ufetubus hits you.
The ufetubus completely misses you.
Unknown command.
You are too injured to fight recklessly!
You are too injured to fight recklessly!
Unknown command.
You are too injured to fight recklessly!
You closely miss the water moccasin.
The water moccasin is heavily wounded.
The water moccasin bites you. The ufetubus closely misses you.
You block the ufetubus's attack.
The water moccasin bites you but does no damage.
The ufetubus hits you but does no damage.
The ufetubus barely misses you.
You hit the water moccasin.
The water moccasin is heavily wounded.
The water moccasin bites you.
* * * LOW HITPOINT WARNING * * *
You are lethally poisoned!
The water moccasin poisons you! The ufetubus barely misses you.
The ufetubus closely misses you. The water moccasin bites you.
* * * LOW HITPOINT WARNING * * *
You are more poisoned.
The water moccasin poisons you!
You hit the water moccasin.
The water moccasin is heavily wounded.
* * * LOW HITPOINT WARNING * * *
You feel extremely sick. You block the ufetubus's attack.
The ufetubus hits you.
* * * LOW HITPOINT WARNING * * *
The water moccasin bites you but does no damage.
The ufetubus misses you. The ufetubus barely misses you.
It was a potion of mutation.
You feel extremely strange.
You feel vulnerable to cold.
You feel genetically stable.
You die...

##.# ##### #..## ####...##
#...####
###.......####..##..##
###..........##........#
...................<...#
.............##........####
................5.........##
#.#.♣.._..♣.#..S@.#........#
..###ß.♣.ß###..........#...#
....#######.......##..###>##
.....### ##.......#........#
..#....###....##...........#
.##....##......#..........##
....##..##........#.#.##..#
....##..##.###....#.####..#
.......###.###...#..# ##..#
###


You could see a water moccasin and an ufetubus.

Vanquished Creatures
  A hound (D:4)
  3 orc wizards
  3 gnolls
  7 adders
  A dart slug (D:1)
  3 ribbon worms
  5 orcs
  4 bats
  6 endoplasms
  5 giant cockroaches
  6 goblins
  2 hobgoblins (D:1)
  4 kobolds
  2 quokkas
  3 ball pythons
  7 frilled lizards
  4 rats
66 creatures vanquished.

Notes
Turn   | Place    | Note
-------+----------+-------------------------------------------
     0 | D:1      | grandjackal the Demonspawn Gladiator began the quest for
                  | the Orb.
     0 | D:1      | Reached XP level 1. HP: 16/16 MP: 1/1
    96 | D:1      | Gained mutation: A meltable shield of frost defends you.
                  | (SH +4) [demonic ancestry]
    96 | D:1      | Reached XP level 2. HP: 22/22 MP: 2/2
  1007 | D:2      | Reached XP level 3. HP: 28/28 MP: 3/3
  1653 | D:3      | Gained mutation: You sometimes gain a little power by
                  | taking damage. [demonic ancestry]
  1653 | D:3      | Reached XP level 4. HP: 35/35 MP: 4/4
  2349 | D:4      | Gained mutation: A meltable icy envelope protects you from
                  | harm. (AC +4) [demonic ancestry]
  2349 | D:4      | Reached XP level 5. HP: 38/42 MP: 5/5
  2397 | D:4      | You fall into a shaft and drop 1 floor!
  2397 | D:5      | Entered Level 5 of the Dungeon
  2623 | D:4      | Found a hide-covered altar of Uskayaw.
  2978 | D:4      | Found a hazy altar of Hepliaklqana.
  3076 | D:5      | Reached XP level 6. HP: 49/49 MP: 6/6
  3114 | D:5      | Found Gube's Magic Scroll Boutique.
  3117 | D:5      | Noticed a water moccasin
  3142 | D:4      | HP: 2/49 [ufetubus (2)]
  3143 | D:4      | Gained mutation: You are vulnerable to cold. (rC-) [potion
                  | of mutation]
  3143 | D:4      | Gained mutation: You are somewhat resistant to further
                  | mutation. [potion of mutation]
  3143 | D:4      | Succumbed to a water moccasin's poison

Illustrated notes

Levels and vault maps discovered:
D:1:      spicycebolla_arrival_ecumenical, layout_basic, kennysheep_boxes
D:2:      layout_rooms, serial_bayou_pond_d, minmay_tetromino_s4
D:3:      minmay_door_path, layout_rooms, serial_forest,
          infiniplex_forest_clump_large, infiniplex_forest_clump_cross,
          infiniplex_forest_straight_2, infiniplex_forest_pool,
          infiniplex_forest_lined_2, infiniplex_forest_clump_double,
          infiniplex_forest_straight_4, minmay_misc_feat_doors
D:4:      layout_cave_pools, mainiacjoe_overflow_catwalk_spiral, zin_academy
D:5:      layout_cave_pools, serial_shops, nicolae_shop_crystal

Skill      XL: |  1  2  3  4  5 |
---------------+----------------+-----
Throwing       | 2 |  2.0
Long Blades    | 3 4 |  4.5
Dodging        | 3 |  3.0
Fighting       | 3 4 |  4.5

Action                     |  1- 3 |  4- 6 || total
---------------------------+-------+-------++-------
  Melee: Long sword        |   132 |   148 ||   280
         Punch             |     3 |     8 ||    11
    Use: Potion            |       |     3 ||     3
   Stab: Sleeping          |     3 |       ||     3
 Armour: Leather armour    |    71 |   140 ||   211
  Dodge: Dodged            |    82 |   162 ||   244
  Block: Other             |    15 |    32 ||    47

Table legend: (Time is in decaauts)
 A = Elapsed time spent in this place.
 B = Non-inter-level travel time spent in this place.
 C = Inter-level travel time spent in this place.
 D = Time resting spent in this place.
 E = Time spent auto-exploring this place.
 F = Levels seen in this place.
 G = Mean time per level.
                   A        B        C        D        E       F      G
               +--------+--------+--------+--------+--------+-----+--------+
         Total |   3207 |   3104 |    103 |    307 |   2072 |   5 |  641.4 |
       Dungeon |   3207 |   3104 |    103 |    307 |   2072 |   5 |  641.4 |
               +--------+--------+--------+--------+--------+-----+--------+

Top non-repeatable levels by time:
     D:1: 950 daAuts
     D:3: 836 daAuts
     D:4: 749 daAuts
     D:2: 566 daAuts
     D:5: 103 daAuts
